 Dungeon Crawl Stone Soup version 0.31-a0-536-ga3e2962e35 (webtiles) character file.

Game seed: 9440951315077683563

424 BritishOli the Trooper (level 6, -3/51 HPs)
             Began as a Demonspawn Fighter on Aug 13, 2023.
             Slain by a black bear (9 damage)
             ... on level 5 of the Dungeon.
             The game lasted 00:02:15 (3345 turns).

BritishOli the Trooper (Demonspawn Fighter)         Turns: 3345, Time: 00:02:16

Health: -3/51      AC:  9    Str: 19    XL:     6   Next: 64%
Magic:  6/6        EV:  9    Int:  9    God:
Gold:   187        SH:  4    Dex: 12    Spells: 5/5 levels left

rFire   + . .        a - +0 war axe
rCold   + . .        c - +0 buckler
rNeg    . . .        b - +0 scale mail
rPois   .            (no helmet)
rElec   .            g - +0 cloak
rCorr   .            (no gloves)
SInv    .            (no boots)
Will    .....        (no amulet) Stlth
                     m - ring of protection from fire
HPRegen 0.28/turn    r - ring of protection from cold
MPRegen 0.10/turn

%: no passive effects
@: no status effects
A: yellow scales 1, foul stench 1, weakness stinger 1
a: no special abilities


You were on level 5 of the Dungeon.
You visited 1 branch of the dungeon, and saw 5 of its levels.

You collected 187 gold pieces.

Inventory:

Hand Weapons
 a - a +0 war axe (weapon)
Armour
 b - a +0 scale mail (worn)
 c - a +0 buckler (worn)
 g - a +0 cloak (worn)
Jewellery
 m - a ring of protection from fire (left hand)
 o - a ring of positive energy
 r - a ring of protection from cold (right hand)
Scrolls
 e - 3 scrolls of amnesia {unknown}
 f - 3 scrolls of identify {unknown}
 p - a scroll of acquirement {unknown}
 t - a scroll of poison {unknown}
 u - a scroll of enchant weapon {unknown}
Potions
 d - 2 potions of might
 h - 2 potions of attraction {unknown}
 i - a potion of enlightenment {unknown}
 j - a potion of curing {unknown}
 k - a potion of experience {unknown}
 l - a potion of heal wounds {unknown}
 n - a potion of haste {unknown}
 q - a potion of degeneration {unknown}
 s - a potion of cancellation {unknown}


   Skills:
 + Level 5.5 Fighting
 + Level 4.6 Axes
 - Level 3.0 Armour
 - Level 3.0 Shields


You had 5 spell levels left.
You didn't know any spells.
Your spell library contained the following spells:

 Spells                   Type           Power      Damage    Failure   Level
 Magic Dart               Conj           0%         1d3       83%         1
 Slow                     Hex            0%         N/A       83%         1
 Call Imp                 Summ           0%         N/A       93%         2
 Confusing Touch          Hex            0%         N/A       99%         3
 Mephitic Cloud           Conj/Pois/Air  0%         N/A       99%         3
 Vampiric Draining        Necr           0%         2d6       99%         3


Dungeon Overview and Level Annotations

Branches:
Dungeon (5/15)
 Temple: D:4-7

Altars:
Cheibriados

Shops:
D:3 *


Innate Abilities, Weirdness & Mutations

You are partially covered in yellow scales. (AC +2)
You may rarely emit foul miasma when damaged in melee.
You have a small tail.


Message History

The scorpion is severely wounded.
You slash the black bear!
You feel sick.
The black bear bites you but does no damage.
The black bear claws you but does no damage. x2
The scorpion is engulfed in dark miasma.
The scorpion looks even sicker.
You kill the scorpion!
The black bear bites you but does no damage.
The black bear claws you but does no damage.
The black bear barely misses you.
Unknown command.
You slash the black bear!
The black bear is severely wounded.
You feel sick.
The black bear goes berserk!
Unknown command.
You barely miss the black bear.
You tail-slap the black bear, but do no damage.
The black bear is severely wounded.
You feel sick. The black bear bites you. The black bear barely misses you.
The black bear claws you but does no damage.
You block the black bear's attack. The black bear claws you.
The black bear barely misses you.
You hit the black bear.
The black bear is severely wounded.
You feel sick. The black bear bites you!
* * * LOW HITPOINT WARNING * * *
You block the black bear's attack. The black bear barely misses you.
The black bear bites you!
* * * LOW HITPOINT WARNING * * *
The black bear closely misses you.
The black bear claws you but does no damage.
You are too injured to fight recklessly!
Unknown command.
You are too injured to fight recklessly!
You closely miss the black bear.
The black bear is severely wounded.
You feel sick.
You are no longer poisoned.
The black bear bites you!
You die...

.. #. #$ #. #
#.#####
.###.#.#...
......°#.########.
#@..<.......
#h..########
#...... ....#####
###... #####


You could see a black bear (berserk).

Vanquished Creatures
  2 scorpions
  A hound (D:4)
  A jelly (D:4)
  An iguana (D:4)
  3 orc wizards (D:3)
  5 adders
  A white imp (D:4)
  4 dart slugs
  4 orcs (D:3)
  7 bats
  7 endoplasms
  3 giant cockroaches
  8 goblins
  4 hobgoblins
  5 quokkas
  8 ball pythons
  6 frilled lizards
  9 kobolds
  3 rats (D:2)
82 creatures vanquished.

Notes
Turn   | Place    | Note
-------+----------+-------------------------------------------
     0 | D:1      | BritishOli the Demonspawn Fighter began the quest for the
                  | Orb.
     0 | D:1      | Reached XP level 1. HP: 18/18 MP: 1/1
   215 | D:1      | Gained mutation: You may rarely emit foul miasma when
                  | damaged in melee. [demonic ancestry]
   215 | D:1      | Reached XP level 2. HP: 24/24 MP: 2/2
   673 | D:1      | Gained mutation: You have a small tail. [demonic ancestry]
   673 | D:1      | Reached XP level 3. HP: 22/29 MP: 3/3
  1605 | D:2      | Reached XP level 4. HP: 37/37 MP: 4/4
  1853 | D:3      | Reached skill level 4 in Fighting
  2159 | D:3      | Found Fumik's General Store.
  2216 | D:3      | Reached XP level 5. HP: 43/43 MP: 5/5
  2466 | D:3      | Found a snail-covered altar of Cheibriados.
  2603 | D:4      | Reached skill level 5 in Fighting
  2646 | D:4      | Gained mutation: You are partially covered in yellow
                  | scales. (AC +2) [demonic ancestry]
  2646 | D:4      | Reached XP level 6. HP: 49/51 MP: 6/6
  3334 | D:5      | Entered Level 5 of the Dungeon
  3345 | D:5      | Slain by a black bear

Illustrated notes

Levels and vault maps discovered:
D:1:      nagdon_arrival_double_spiral, layout_loops_ring,
          nicolae_figureground_pulse
D:2:      layout_loops_ring
D:3:      layout_rooms, nicolae_overflow_squiral, serial_shops,
          nicolae_shop_just_a_little_nook
D:4:      layout_loops_cross, corexii_shack, minmay_fractal_squares_diagonal_5
D:5:      layout_basic, amcnicky_altar_gilded, portal_sewer_entry_e,
          uniq_eustachio

Skill      XL: |  1  2  3  4  5 |
---------------+----------------+-----
Axes           | 2 3 4 |  4.6
Armour         | 3 |  3.0
Shields        | 3 |  3.0
Fighting       | 4 5 |  5.5

Action                     |  1- 3 |  4- 6 || total
---------------------------+-------+-------++-------
  Melee: War axe           |   126 |   118 ||   244
         Tailslap          |     7 |    20 ||    27
 Armour: Scale mail        |    67 |    86 ||   153
  Dodge: Dodged            |    61 |    46 ||   107
  Block: Buckler           |    34 |    30 ||    64

Table legend: (Time is in decaauts)
 A = Elapsed time spent in this place.
 B = Non-inter-level travel time spent in this place.
 C = Inter-level travel time spent in this place.
 D = Time resting spent in this place.
 E = Time spent auto-exploring this place.
 F = Levels seen in this place.
 G = Mean time per level.
                   A        B        C        D        E       F      G
               +--------+--------+--------+--------+--------+-----+--------+
         Total |   3513 |   3385 |    128 |    171 |   2602 |   5 |  702.6 |
       Dungeon |   3513 |   3385 |    128 |    171 |   2602 |   5 |  702.6 |
               +--------+--------+--------+--------+--------+-----+--------+

Top non-repeatable levels by time:
     D:1: 1023 daAuts
     D:3: 860 daAuts
     D:2: 830 daAuts
     D:4: 785 daAuts
     D:5: 12 daAuts
